 Dungeon Crawl Stone Soup version 0.28-b1-1-g3c77fb2ed1 (webtiles) character file.

Game seed: 14649512836453057889

1 trackermoon the Chiller (level 1, 0/14 HPs)
             Began as a Draconian Ice Elementalist on Jan 28, 2022.
             Frozen to death by an endoplasm (5 damage)
             ... on level 1 of the Dungeon.
             The game lasted 00:09:04 (197 turns).

trackermoon the Chiller (Draconian Ice Elementalist) Turns: 197, Time: 00:09:05

Health: 0/14       AC:  4    Str: 10    XL:     1   Next: 16%
Magic:  2/3        EV: 12    Int: 15    God:
Gold:   33         SH:  0    Dex: 11    Spells: 3/4 levels left

rFire   . . .      SeeInvis .   (no weapon)
rCold   . . .      Faith    .   (no shield)
rNeg    . . .      Spirit   .   (armour unavailable)
rPois   .          Reflect  .   (helmet restricted)
rElec   .          Harm     .   (no cloak)
rCorr   .          Rampage  .   (no gloves)
Will    .....                   (no boots)
Stlth   ++........              (no amulet)
HPRegen 0.04/turn               (no ring)
MPRegen 0.08/turn               (no ring)

@: slowed, very slow
A: AC +4, unfitting armour, cold-blooded
a: no special abilities


You were on level 1 of the Dungeon.
You visited 1 branch of the dungeon, and saw 1 of its levels.

You collected 33 gold pieces.

Inventory:

Missiles
 a - 8 stones (quivered)


   Skills:
 + Level 1.7 Dodging
 + Level 1.7 Stealth
 + Level 2.0 Spellcasting
 + Level 4.0 Ice Magic


You had 3 spell levels left.
You knew the following spells:

 Your Spells              Type           Power      Damage    Failure   Level
a - Freeze                Ice            52%        1d7       4%          1

Your spell library contained the following spells:

 Spells                   Type           Power      Damage    Failure   Level
 Frozen Ramparts          Ice            26%        1d4       13%         3
 Ozocubu's Armour         Ice            13%        N/A       13%         3
 Hailstorm                Conj/Ice       7%         3d4       67%         4


Dungeon Overview and Level Annotations

Branches:
Dungeon (1/15)

Altars:


Innate Abilities, Weirdness & Mutations

Your plain brown scales are hard. (AC +4)
You cannot fit into any form of body armour.
You are cold-blooded and may be slowed by cold attacks.


Message History

Aim: a ball python (severely wounded, constricting you, 50% to hit)
You throw a stone. The stone hits the ball python.
You kill the ball python!
Unknown command.
Unknown command.
You hit the endoplasm.
The endoplasm is lightly wounded.
You hit the endoplasm but do no damage.
The endoplasm is lightly wounded.
The endoplasm freezes you.
You are frozen.
You feel yourself slow down.
Casting: Freeze (safe; 4% risk of failure)
Confirm with . or Enter, or press ? or * to list all spells.
You don't know that spell.
Casting: Freeze (safe; 4% risk of failure)
Confirm with . or Enter, or press ? or * to list all spells.
Aiming: Freeze (safe; 4% risk of failure)
Press: ? - help, Shift-Dir - straight line, f - endoplasm
Aim: an endoplasm (lightly wounded)
You freeze the endoplasm.
The endoplasm is almost dead.
The endoplasm misses you. The endoplasm closely misses you.
You barely miss the endoplasm.
The endoplasm is almost dead.
The endoplasm freezes you.
You are frozen.
* * * LOW HITPOINT WARNING * * *
You feel as though you will be slow longer.
You hit the endoplasm but do no damage.
The endoplasm is almost dead.
The endoplasm jiggles.
The endoplasm closely misses you. x2
You hit the endoplasm but do no damage.
The endoplasm is almost dead.
The endoplasm barely misses you.
You hit the endoplasm but do no damage.
The endoplasm is almost dead.
The endoplasm freezes you.
You are frozen.
You die...

#.#
#####.####
#........#
#.###.##.#
#.# #.# #
#.# #.# #.#
#..
####.######.
#(.J@.......
#.##########
#


You could see an endoplasm.

Vanquished Creatures
  A ball python (D:1)
  A bat (D:1)
2 creatures vanquished.

Notes
Turn   | Place    | Note
-------+----------+-------------------------------------------
     0 | D:1      | trackermoon the Draconian Ice Elementalist began the quest
                  | for the Orb.
     0 | D:1      | Reached XP level 1. HP: 14/14 MP: 3/3
   197 | D:1      | Frozen to death by an endoplasm

Illustrated notes

Levels and vault maps discovered:
D:1:      lemuel_arrival_muddy, layout_loops_corners,
          dreamdust_ecumenical_altar_statues, serial_shops, shop_statue,
          minmay_3d_cube

Action                   || total
-------------------------++-------
Melee: Unarmed           ||     6
Throw: Stone             ||     2
 Cast: Freeze            ||     5
  Use: Scroll            ||     1
Armor: Skin              ||     1
Dodge: Dodged            ||     8
